 Dungeon Crawl Stone Soup version 0.27.0-1-g7a089689b8 (webtiles) character file.

Game seed: 12818583218809376282

83258 mhtbhm the Impaler (level 15, -4/141 HPs)
             Began as a Minotaur Berserker on Aug 3, 2021.
             Was a High Priest of Trog.
             Succumbed to poison (poison gas)
             ... on level 4 of the Swamp on Aug 4, 2021.
             The game lasted 00:30:06 (26090 turns).

mhtbhm the Impaler (Minotaur Berserker)            Turns: 26090, Time: 00:30:06

Health: -4/141     AC: 23    Str: 36    XL:     15   Next: 31%
Magic:  14/14      EV: 32    Int: 14    God:    Trog [*****.]
Gold:   1558       SH: 12    Dex: 12    Spells: 14/14 levels left

rFire    . . .     SeeInvis .   a - +9 trident of Discord {speed, rElec}
rCold    . . .     Faith    .   D - +0 kite shield {reflect}
rNeg     . . .     Spirit   .   b - +7 ring mail of Vuemao Pidghy {Str+4 Int+4 Dex+3}
rPois    .         Reflect  +   Q - +2 hat {Stlth+}
rElec    +         Harm     .   m - +2 cloak
rCorr    .         Rampage  .   F - +0 pair of gloves {Str+3}
Will     ++...                  e - +0 pair of boots
Stlth    ++........             u - amulet of the acrobat
HPRegen  0.33/turn              Y - ring of Jiygishre {EV+4 Int+6}
MPRegen  0.14/turn              T - ring of willpower

@: lethally poisoned (-4 -> -63), on berserk cooldown, acrobatic, slowed, very
slow
A: horns 2, retaliatory headbutt
a: Renounce Religion, Berserk, Trog's Hand, Brothers in Arms


You were on level 4 of the Swamp.
You worshipped Trog.
Trog was extremely pleased with you.
You visited 3 branches of the dungeon, and saw 21 of its levels.
You also visited: Sewer and Ossuary.

You collected 1790 gold pieces.
You spent 232 gold pieces at shops.

Inventory:

Hand Weapons
 a - the +9 trident of Discord (weapon) {speed, rElec}
   (You found it on level 5 of the Dungeon)

   Attacks with this weapon are significantly faster.
   rElec:     It insulates you from electricity.
Missiles
 v - 5 curare-tipped darts (quivered)
Armour
 b - the +7 ring mail of Vuemao Pidghy (worn) {Str+4 Int+4 Dex+3}
   (You found it on level 5 of the Dungeon)

   Str:       It affects your strength (+4).
   Int:       It affects your intelligence (+4).
   Dex:       It affects your dexterity (+3).
 e - a +0 pair of boots (worn)
 m - a +2 cloak (worn)
 D - a +0 kite shield of reflection (worn)
 F - a +0 pair of gloves of strength (worn)
 Q - a +2 hat of stealth (worn)
Jewellery
 q - a ring of see invisible
 u - an amulet of the acrobat (around neck)
 T - a ring of willpower (right hand)
 Y - the ring of Jiygishre (left hand) {EV+4 Int+6}
   (You found it on level 2 of the Swamp)

   [ring of evasion]

   EV:        It affects your evasion (+4).
   Int:       It affects your intelligence (+6).
 Z - a ring of protection from fire
Wands
 p - a wand of polymorph (7)
 t - a wand of acid (36)
 B - a wand of mindburst (11)
 C - a wand of digging (5)
 G - a wand of iceblast (47)
 P - a wand of paralysis (13)
 W - a wand of charming (10)
Scrolls
 c - a scroll of silence
 d - 3 scrolls of brand weapon
 k - 4 scrolls of enchant armour
 o - a scroll of summoning
 r - 11 scrolls of teleportation
 E - 2 scrolls of blinking
 H - 3 scrolls of magic mapping
 I - a scroll of fear
 J - 3 scrolls of fog {unknown}
 K - 3 scrolls of immolation {unknown}
 M - 2 scrolls of acquirement {unknown}
 O - 2 scrolls of enchant weapon {unknown}
 S - 2 scrolls of holy word {unknown}
Potions
 f - 3 potions of curing
 h - 4 potions of resistance
 i - 7 potions of might
 j - 5 potions of heal wounds
 l - 4 potions of invisibility
 n - 8 potions of attraction
 s - 2 potions of flight
 w - 5 potions of brilliance {unknown}
 x - 3 potions of haste
 z - 6 potions of mutation {unknown}
 A - 2 potions of magic {unknown}
 L - a potion of cancellation {unknown}
 N - 2 potions of ambrosia {unknown}
Miscellaneous
 g - a condenser vane
 y - a piece from Xom's chessboard (15/15)
 V - a phantom mirror


   Skills:
 + Level 15.3 Fighting
 - Level 8.3(16.0) Axes
 * Level 20.9(21.3) Polearms
 + Level 11.6 Armour
 + Level 9.3 Dodging
 - Level 0.3 Stealth
 + Level 6.0 Shields
 + Level 1.1 Evocations


You had 14 spell levels left.
You didn't know any spells.
Your spell library was empty.

Dungeon Overview and Level Annotations

Branches:
Dungeon (11/15)            Temple (0/1) D:6            Lair (6/6) D:11
  Swamp (4/4) Lair:4        Snake (0/4) Lair:4        Slime (0/5) Lair:5
  Sewer (visited)         Ossuary (visited)
    Orc: D:9-12

Altars:
Fedhas
Hepliaklqana
Makhleb
Nemelex Xobeh
Sif Muna
Uskayaw
Wu Jian
Xom
Jiyva

Shops:
D:1 [   D:7 *:=


Innate Abilities, Weirdness & Mutations

You have a pair of horns on your head.
You reflexively headbutt those who attack you in melee.


Message History

Reach: a) +9 trident of Discord {speed, rElec}
Press: ? - help, Dir - move target, f/p - bog body
Aim: a bog body (moderately damaged, about 21% to evade the +9 trident of Discord)
You reach to attack!
You puncture the bog body!
The bog body is severely damaged.
You are engulfed in poison gas.
You are more poisoned.
You feel extremely sick.
A swamp worm zombie comes into view.
Reach: a) +9 trident of Discord {speed, rElec}
Press: ? - help, Dir - move target, f/p - bog body
Aim: a bog body (severely damaged, about 21% to evade the +9 trident of Discord)
Okay, then.
You puncture the bog body! Your headbutt misses the bog body.
The bog body is moderately damaged.
You are engulfed in poison gas.
You are more poisoned.
* * * LOW HITPOINT WARNING * * *
You feel extremely sick.
Unknown command.
* * * LOW HITPOINT WARNING * * *
You feel extremely sick.
You enter the shallow water.
Moving in this stuff is going to be slow.
You feel a strong urge to attack something.
* * * LOW HITPOINT WARNING * * *
You feel extremely sick.
* * * LOW HITPOINT WARNING * * *
You feel extremely sick.
Unknown command.
You feel your anger nearly subside.
* * * LOW HITPOINT WARNING * * *
You feel extremely sick.
The bog body points at you and mumbles some strange words.
You resist with almost no effort.
Unknown command.
You are no longer berserk.
You are exhausted.
You feel yourself slow down.
You die...

≈≈<....♣ ♣♣ ♣...≈.)..
≈)≈...)♣ ♣≈.♣♣ ♣.≈....Z♣♣
≈..≈..♣♣ ♣≈≈.♣♣♣♣.≈....Z≈♣♣
≈≈≈.≈♣♣ ♣≈≈≈....≈.≈.Z.≈..♣
≈≈§≈.♣♣ ♣≈≈.≈≈≈.≈. nZ≈.♣
≈≈≈≈≈≈♣ ♣..≈≈≈≈.♣♣♣≈...♣♣
≈≈≈≈≈.♣♣♣♣♣♣≈≈≈≈§≈≈♣≈n≈≈≈.≈♣
.≈≈≈.≈......≈≈≈≈≈≈.≈..≈...♣♣
≈...§≈.≈≈...≈...@.♣♣..♣♣♣♣♣
.≈.≈≈≈..≈≈≈.≈≈≈..≈.♣.≈.♣
♣.≈≈≈≈.≈♣≈♣≈≈≈§≈≈≈≈♣≈§.♣
♣≈.≈≈≈.[.§♣≈≈≈≈≈≈≈≈....♣
♣≈≈≈≈≈.§≈≈≈≈≈≈≈≈≈≈≈≈≈.♣♣
.≈≈≈.≈≈≈≈§:≈≈§≈≈≈≈≈≈≈≈≈.
.≈≈≈≈≈≈.§≈≈≈≈≈§†≈≈≈≈...≈
≈≈≈≈.≈≈≈≈≈≈≈≈≈≈≈≈≈≈≈
≈<≈≈≈≈≈≈≈≈..≈≈≈


You could see a bog body and a swamp worm zombie.

Vanquished Creatures
  A thorn hunter (Swamp:2)
  Donald (Swamp:4)
  Louise (Swamp:2)
  The ghost of Golfball the Warrior, a journeyman GrFi of Okawaru (Swamp:2)
  4 bunyips
  Snorg (Lair:3)
  An eleionoma (Swamp:3)
  Josephine (Lair:4)
  8 hydras
  A boulder beetle (Lair:3)
  A two-headed ogre (D:11)
  2 catoblepae
  9 death yaks
  8 alligators
  A goliath frog (Swamp:2)
  A bog body (Swamp:1)
  2 swamp dragons
  A glowing orange brain (shapeshifter) (D:8)
  An oklob plant (Lair:6)
  A will-o-the-wisp (Swamp:2)
  Joseph (D:7)
  6 elephants (Lair:2)
  An elephant (shapeshifter) (D:8)
  6 black mambas
  9 cane toads
  2 torpor snails
  Maggie (Lair:2)
  2 rime drakes (Lair:6)
  A kobold demonologist (D:9)
  11 komodo dragons
  6 polar bears
  A troll (D:11)
  26 blink frogs
  10 hornets
  7 tyrant leeches
  9 dream sheep
  A vampire (D:10)
  20 spriggans
  A shadow (D:10)
  36 yaks
  Grum (D:8)
  4 basilisks
  2 steam dragons
  7 vampire mosquitoes
  4 wraiths (Lair:4)
  Menkaure (D:7)
  17 swamp worms
  4 acid dragons (D:10)
  21 water moccasins
  4 black bears (Lair:6)
  2 orc warriors
  A sky beast (D:7)
  3 boggarts (Lair:6)
  4 swamp drakes
  3 ice beasts
  3 centaurs
  2 ogres
  26 wolves
  The ghost of Strat the Poker, an amateur FoWr (D:4)
  A phantom (D:5)
  3 kobold brigands
  2 elf zombies (Ossuary)
  Blork the orc (D:5)
  11 bullfrogs
  A gnoll sergeant (D:8)
  2 water moccasin zombies (D:5)
  A water moccasin skeleton (D:4)
  6 killer bees
  12 wights
  2 electric eels (Lair:4)
  3 howler monkeys
  2 bullfrog zombies (D:4)
  9 centaur zombies
  Crazy Yiuf (D:5)
  4 hounds
  2 orc priests
  A bullfrog skeleton (D:6)
  4 human zombies (Ossuary)
  2 jellies
  A centaur skeleton (D:4)
  Natasha (thrice) (D:4)
  6 orc wizards
  2 killer bee zombies
  A hound zombie (D:5)
  Robin (D:4)
  3 mummies (Ossuary)
  A howler monkey zombie (D:7)
  4 gnolls (D:8)
  4 adders
  A white imp (D:6)
  An ufetubus (D:6)
  6 dart slugs
  24 orcs
  2 bats
  10 endoplasms
  6 giant cockroaches
  16 goblins
  7 hobgoblins
  24 kobolds
  7 quokkas
  9 ball pythons
  3 frilled lizards
  12 rats
  2 briar patches (Swamp:2)
540 creatures vanquished.

Vanquished Creatures (collateral kills)
  A bunyip (Swamp:1)
  A hydra (Swamp:1)
  A spriggan druid (Swamp:1)
  2 swamp drakes (Swamp:1)
5 creatures vanquished.

Vanquished Creatures (others)
  Aizul (Swamp:4)
  A swamp dragon (Swamp:1)
  A bog body (Swamp:1)
  A briar patch (Swamp:2)
  2 bushes (Lair:6)
  2 foxfires (Swamp:2)
  44 fungi
  47 plants
99 creatures vanquished.

Grand Total: 644 creatures vanquished

Notes
Turn   | Place    | Note
-------+----------+-------------------------------------------
     0 | D:1      | mhtbhm the Minotaur Berserker began the quest for the Orb.
     0 | D:1      | Reached XP level 1. HP: 19/19 MP: 0/0
    47 | D:1      | HP: 1/20 [poisoned by a kobold]
   421 | D:1      | Reached XP level 2. HP: 25/27 MP: 1/1
   758 | D:1      | Found Rep Vori's Antique Armour Emporium.
   820 | D:1      | Reached ** piety under Trog
   916 | D:1      | Reached XP level 3. HP: 33/33 MP: 2/2
  1297 | D:2      | Found a faded altar of an unknown god.
  2058 | D:2      | Reached XP level 4. HP: 36/41 MP: 3/3
  2411 | D:3      | Found a hazy altar of Hepliaklqana.
  2595 | D:3      | Found a blossoming altar of Fedhas.
  3308 | D:4      | Noticed Natasha
  3315 | D:4      | Killed Natasha
  3315 | D:4      | Reached *** piety under Trog
  3316 | D:4      | Reached skill level 5 in Axes
  3316 | D:4      | Reached XP level 5. HP: 47/47 MP: 4/4
  3329 | D:4      | Found a glowing drain.
  3378 | Sewer    | Entered a sewer
  3563 | Sewer    | Reached skill level 5 in Fighting
  3563 | Sewer    | Reached skill level 1 in Shields
  3563 | Sewer    | Reached XP level 6. HP: 29/56 MP: 5/5
  3947 | D:4      | Noticed Natasha
  3960 | D:4      | Killed Natasha
  3964 | D:4      | Found a transporter.
  3965 | D:4      | Noticed Strat's ghost (amateur FoWr)
  3998 | D:4      | Found a transporter.
  4036 | D:4      | Killed Strat's ghost
  4038 | D:4      | Reached XP level 7. HP: 60/60 MP: 6/6
  4039 | D:4      | Reached **** piety under Trog
  4172 | D:4      | Noticed Robin
  4191 | D:4      | Killed Robin
  4415 | D:4      | Noticed Natasha
  4422 | D:4      | Killed Natasha
  4722 | D:5      | Entered Level 5 of the Dungeon
  4781 | D:5      | Reached skill level 5 in Armour
  4908 | D:5      | Found a burning altar of Makhleb.
  5116 | D:5      | Found a runed translucent door.
  5119 | D:5      | Noticed Crazy Yiuf
  5136 | D:5      | Killed Crazy Yiuf
  5137 | D:5      | Reached XP level 8. HP: 21/70 MP: 7/7
  5447 | D:5      | Identified the +9 trident of Discord {speed, rElec}
  5531 | D:5      | Identified the +7 ring mail of Vuemao Pidghy {Str+4 Int+4
                  | Dex+3}
  5655 | D:5      | Reached skill level 1 in Polearms
  5683 | D:5      | Noticed Blork the orc
  5688 | D:5      | Killed Blork the orc
  5689 | D:5      | Reached skill level 2 in Polearms
  6206 | D:6      | Reached skill level 3 in Polearms
  6214 | D:6      | Found a staircase to the Ecumenical Temple.
  6274 | D:6      | Reached skill level 4 in Polearms
  6401 | D:6      | Found a sand-covered staircase.
  6414 | Ossuary  | Entered an ossuary
  6437 | Ossuary  | Reached skill level 5 in Polearms
  6526 | Ossuary  | Reached XP level 9. HP: 75/78 MP: 8/8
  6567 | Ossuary  | Reached skill level 6 in Polearms
  6847 | D:6      | Reached ***** piety under Trog
  6848 | D:6      | Reached skill level 7 in Polearms
  7344 | D:7      | Reached skill level 8 in Polearms
  7396 | D:7      | Found Wepa's Assorted Antiques.
  7412 | D:7      | Bought a pair of runed gloves for 232 gold pieces
  7426 | D:7      | Noticed Joseph
  7439 | D:7      | Killed Joseph
  7440 | D:7      | Reached skill level 9 in Polearms
  7565 | D:7      | Found Cofuamil's Book Shoppe.
  7605 | D:7      | Noticed Menkaure
  7609 | D:7      | Killed Menkaure
  7767 | D:7      | Found Uxtena Reta's Jewellery Shop.
  7816 | D:7      | Reached skill level 10 in Polearms
  8364 | D:8      | Noticed Grum
  8373 | D:8      | Reached XP level 10. HP: 88/88 MP: 9/9
  8379 | D:8      | Killed Grum
  8445 | D:8      | Found a shimmering altar of Xom.
  8447 | D:8      | Found a shimmering altar of Xom.
  8447 | D:8      | Found a shimmering altar of Xom.
  8447 | D:8      | Found a shimmering altar of Xom.
  8447 | D:8      | Found a shimmering altar of Xom.
  8448 | D:8      | Found a shimmering altar of Xom.
  8448 | D:8      | Found a shimmering altar of Xom.
  8448 | D:8      | Found a shimmering altar of Xom.
  8448 | D:8      | Found a shimmering altar of Xom.
  8572 | D:8      | Received a gift from Trog
  8573 | D:8      | Reached skill level 11 in Polearms
  8581 | D:8      | Found a shimmering blue altar of Sif Muna.
  9067 | D:8      | Noticed a glowing orange brain
  9070 | D:8      | Noticed an elephant
  9070 | D:8      | a glowing orange brain changed into an elephant
  9071 | D:8      | Noticed a death drake
  9072 | D:8      | Noticed a glowing orange brain
  9072 | D:8      | a death drake changed into a glowing orange brain
  9081 | D:8      | Killed an elephant
  9089 | D:8      | Killed a glowing orange brain
  9296 | D:9      | Reached skill level 12 in Polearms
  9719 | D:9      | Reached skill level 13 in Polearms
 10667 | D:10     | Entered Level 10 of the Dungeon
 10728 | D:10     | Reached XP level 11. HP: 88/95 MP: 10/10
 10925 | D:10     | Found an ornate altar of the Wu Jian Council.
 10934 | D:10     | Found a sparkling altar of Nemelex Xobeh.
 10994 | D:10     | Found a transporter.
 11202 | D:10     | Found a hide-covered altar of Uskayaw.
 11464 | D:10     | Found a transporter.
 11482 | D:10     | Reached skill level 14 in Polearms
 12006 | D:11     | Found a staircase to the Lair.
 12032 | D:11     | Noticed a seven-headed hydra
 12040 | D:11     | Killed a seven-headed hydra
 12512 | D:11     | Noticed a two-headed ogre
 12522 | D:11     | Killed a two-headed ogre
 12643 | D:11     | Noticed a five-headed hydra
 12649 | D:11     | Killed a five-headed hydra
 12650 | D:11     | Reached skill level 5 in Dodging
 12755 | Lair:1   | Entered Level 1 of the Lair of Beasts
 12811 | Lair:1   | Reached skill level 15 in Polearms
 12836 | Lair:1   | Noticed a seven-headed hydra
 12843 | Lair:1   | Killed a seven-headed hydra
 13226 | Lair:1   | Reached skill level 10 in Fighting
 13842 | Lair:2   | Reached XP level 12. HP: 92/106 MP: 11/11
 13846 | Lair:2   | Received a gift from Trog
 13976 | Lair:2   | Reached skill level 16 in Polearms
 14514 | Lair:2   | Noticed Maggie
 14528 | Lair:2   | Killed Maggie
 15250 | Lair:3   | Noticed a boulder beetle
 15263 | Lair:3   | Killed a boulder beetle
 15457 | Lair:3   | Noticed Snorg
 15466 | Lair:3   | Killed Snorg
 15467 | Lair:3   | Reached skill level 17 in Polearms
 15959 | Lair:4   | Noticed Josephine
 15967 | Lair:4   | Killed Josephine
 15981 | Lair:4   | Reached skill level 10 in Armour
 15985 | Lair:4   | Reached XP level 13. HP: 103/118 MP: 12/12
 16338 | Lair:4   | Found a staircase to the Snake Pit.
 16535 | Lair:4   | Found a staircase to the Swamp.
 16597 | Lair:4   | Received a gift from Trog
 16794 | Lair:4   | Reached skill level 18 in Polearms
 18130 | Lair:5   | Found a staircase to the Slime Pits.
 18130 | Lair:5   | Found a viscous altar of Jiyva.
 18679 | Lair:6   | Entered Level 6 of the Lair of Beasts
 18809 | Lair:6   | Reached skill level 19 in Polearms
 19037 | Lair:6   | Reached XP level 14. HP: 129/129 MP: 13/13
 19673 | Lair:6   | Reached ****** piety under Trog
 20613 | Swamp:1  | Entered Level 1 of the Swamp
 20621 | Swamp:1  | Received a gift from Trog
 20878 | Swamp:1  | HP: 1/133 [six-headed hydra (8)]
 20987 | Swamp:1  | Reached skill level 20 in Polearms
 22101 | Swamp:2  | Noticed a thorn hunter
 22149 | Swamp:2  | Killed a thorn hunter
 22154 | Swamp:2  | HP: 6/133 [poisoned by a spriggan rider (curare-tipped
                  | dart)]
 22568 | Swamp:2  | Reached skill level 1 in Evocations
 22950 | Swamp:2  | Noticed Louise
 22960 | Swamp:2  | Killed Louise
 22982 | Swamp:2  | Identified the ring of Jiygishre {EV+4 Int+6}
 23011 | Swamp:2  | Reached skill level 15 in Fighting
 23486 | Swamp:2  | Found a large runed translucent door.
 23486 | Swamp:2  | Found a large runed translucent door.
 23491 | Swamp:2  | Noticed Golfball's ghost (journeyman GrFi)
 23512 | Swamp:2  | Killed Golfball's ghost
 23513 | Swamp:2  | Reached XP level 15. HP: 122/141 MP: 14/14
 24369 | Swamp:3  | Reached skill level 5 in Shields
 25185 | Swamp:4  | Entered Level 4 of the Swamp
 25194 | Swamp:4  | Noticed Donald
 25217 | Swamp:4  | Killed Donald
 25401 | Swamp:4  | Noticed Aizul
 25810 | Swamp:4  | Killed Aizul
 26020 | Swamp:4  | Received a gift from Trog
 26089 | Swamp:4  | HP: 7/211 [poison (poison gas)]
 26090 | Swamp:4  | Succumbed to poison (poison gas)

Illustrated notes

Levels and vault maps discovered:
D:1:      dpeg_arrival_radiant, layout_rooms, serial_shops, shop,
          minmay_statues_item, minmay_misc_feat_hallway
D:2:      minmay_general_purpose_star, layout_basic, basic_ecumenical_altar
D:3:      layout_basic, mainiacjoe_overflow_alcove_2,
          nicolae_hepliaklqana_hippocampus, minmay_randomly_rotated_circles
D:4:      layout_basic, gammafunk_ghost_mausoleum, gup_sewer_entry_glass,
          chequers_serial_rivers_small_3, minivault_11, uniq_natasha, uniq_robin
D:5:      layout_basic, mainiacjoe_overflow_six_doors_small,
          minmay_misc_feat_five, uniq_crazy_yiuf_cottage, uniq_blork_the_orc
D:6:      layout_loops_corners, minmay_temple_entry_large_hall, enter_ossuary_3,
          minivault_5
D:7:      layout_cave_pools, serial_shops, nicolae_square_shop,
          nicolae_diamond_shop, nicolae_diamond_shop,
          hangedman_abyss_or_decor_stabs, uniq_joseph, uniq_menkaure
D:8:      layout_loops_corners, tgw_sif, xom_shifter_show, uniq_grum
D:9:      layout_layer_cave
D:10:     gammafunk_cloud_chamber, layout_loops_ring,
          nicolae_overflow_crystal_walls,
          chequers_temple_overflow_statue_of_worship
D:11:     layout_stronghold, lair_entry_dummy
Lair:1:   layout_regular_city
Lair:2:   layout_cellular_growth, grunt_megastairs_4, uniq_maggie
Lair:3:   layout_chaotic_city, gammafunk_lair_bear_cave, grunt_megastairs_1,
          lemuel_fruit_fields, uniq_snorg
Lair:4:   layout_cave_pods, swamp_mist, minmay_snake_entry_six_corridors,
          serial_bayou_ford_a, uniq_josephine
Lair:5:   layout_cave_pods, slime_altar_1, infiniplex_staircase_pool_2
Lair:6:   minmay_lair_end_enchanted_forest, layout_loops_ring
Swamp:1:  layout_basic_swamp, hangedman_swamp_ruin_wall, swamp_pool5,
          infiniplex_staircase_pool
Swamp:2:  layout_basic_swamp, ebering_ghost_disaster_area,
          evilmike_swamp_ruin_rubble_2, uniq_louise
Swamp:3:  layout_basic_swamp, evilmike_swamp_ruin_house_2
Swamp:4:  swamp_pestilence, layout_basic_swamp, uniq_donald, uniq_aizul

Skill      XL: |  1  2  3  4  5  6  7  8  9 10 11 12 13 14 15 |
---------------+----------------------------------------------+-----
Fighting       | 4 5 6 7 8 10 12 13 15 | 15.3
Axes           | 4 5 6 7 8 |  8.3
Armour         | 3 4 5 7 8 9 10 11 | 11.6
Shields        | 1 2 3 4 6 |  6.0
Dodging        | 3 4 6 7 9 |  9.3
Polearms       | 5 10 13 15 17 19 20 | 20.9
Evocations     | 1 |  1.1
Stealth        | |  0.3

Action                   |  1- 3 |  4- 6 |  7- 9 | 10-12 | 13-15 || total
-------------------------+-------+-------+-------+-------+-------++-------
Melee: Hand axe          |    96 |   119 |    84 |       |       ||   299
       Headbutt          |    12 |    20 |    62 |   121 |   191 ||   406
       Trident           |       |       |   184 |   530 |   871 ||  1585
Invok: Berserk           |       |     2 |       |     3 |    10 ||    15
       Brothers in Arms  |       |       |       |       |     1 ||     1
Evoke: Wand              |       |     1 |       |     1 |     6 ||     8
  Use: Scroll            |     1 |     3 |     6 |     6 |     8 ||    24
       Potion            |       |       |       |     1 |     6 ||     7
 Stab: Petrified         |       |       |       |       |     8 ||     8
       Distracted        |       |       |       |       |     2 ||     2
       Sleeping          |       |       |       |       |     1 ||     1
Armor: Animal skin       |     4 |       |       |       |       ||     4
       Chain mail        |    49 |    49 |    35 |       |       ||   133
       Ring mail         |       |       |    35 |   124 |   194 ||   353
Dodge: Dodged            |    29 |    44 |    79 |   143 |   241 ||   536
Block: Buckler           |     5 |    11 |    30 |    44 |    45 ||   135
       Tower shield      |       |       |       |       |   102 ||   102
       Kite shield       |       |       |       |       |    24 ||    24
       Reflection        |       |       |       |       |     5 ||     5
